 Dungeon Crawl Stone Soup version 0.31-a0-662-g684573625c (webtiles) character file.

Game seed: 9924513071019176233

278 Midn8 the Slasher (level 6, 0/41 HPs)
             Began as a Vampire Warper on Sept 1, 2023.
             Slain by Prince Ribbit (10 damage)
             ... on level 5 of the Dungeon.
             The game lasted 00:08:56 (2599 turns).

Midn8 the Slasher (Vampire Warper)                  Turns: 2599, Time: 00:08:56

Health: 0/41       AC:  6    Str: 10    XL:     6   Next: 5%
Magic:  9/9        EV: 12    Int: 16    God:
Gold:   94         SH:  5    Dex: 15    Spells: 5/9 levels left

rFire   . . .        a - +0 falchion
rCold   . . .        (no shield)
rNeg    . . .        b - +0 leather armour
rPois   .            (no helmet)
rElec   .            (no cloak)
rCorr   +            t - +0 pair of gloves
SInv    +            x - +1 pair of boots
Will    .....        s - amulet of reflection
Stlth   +            g - ring of resist corrosion
HPRegen 0.46/turn    (no ring)
MPRegen 0.11/turn

%: reflection
@: healing quickly
A: alive, fangs 3, see invisible, vampiric 2, [frail 1]
a: Exsanguinate


You were on level 5 of the Dungeon.
You visited 1 branch of the dungeon, and saw 5 of its levels.

You collected 209 gold pieces.
You spent 115 gold pieces at shops.

Inventory:

Hand Weapons
 a - a +0 falchion (weapon)
Missiles
 d - 7 darts of dispersal (quivered)
 f - 6 poisoned darts
Armour
 b - a +0 leather armour (worn)
 t - a +0 pair of gloves (worn)
 u - a +0 kite shield
 x - a +1 pair of boots (worn)
Jewellery
 e - an amulet of the acrobat
 g - a ring of resist corrosion (left hand)
 s - an amulet of reflection (around neck)
 y - an amulet of magic regeneration
 A - a ring of magical power
Scrolls
 c - 2 scrolls of blinking
 k - a scroll of teleportation
 m - a scroll of fog {unknown}
 n - a scroll of amnesia {unknown}
 p - a scroll of brand weapon {unknown}
 q - a scroll of enchant weapon {unknown}
 r - a scroll of revelation {unknown}
Potions
 h - 3 potions of brilliance
 i - 2 potions of haste {unknown}
 j - 2 potions of ambrosia {unknown}
 l - a potion of curing {unknown}
 o - 4 potions of heal wounds
 v - a potion of mutation {unknown}
 w - 2 potions of degeneration {unknown}
 z - a potion of resistance {unknown}


   Skills:
 + Level 2.7 Fighting
 - Level 6.0 Long Blades
 - Level 0.7 Throwing
 - Level 0.7 Armour
 - Level 2.1 Dodging
 - Level 2.0 Spellcasting
 - Level 2.4 Translocations


You had 5 spell levels left.
You knew the following spells:

 Your Spells              Type           Power      Damage    Failure   Level
b - Lesser Beckoning      Tloc           18%        N/A       16%         2
B - Blink                 Tloc           18%        N/A       16%         2

Your spell library contained the following spells:

 Spells                   Type           Power      Damage    Failure   Level
 Teleport Other           Tloc           9%         N/A       32%         3
 Searing Ray              Conj           2%         2d4       38%         2
 Wereblood                Tmut           1%         N/A       38%         2
 Manifold Assault         Tloc           9%         N/A       71%         4
 Vhi's Electric Charge    Tloc/Air       10%        N/A       86%         4
 Fireball                 Conj/Fire      0%         3d3       100%        5
 Freezing Cloud           Conj/Ice/Air   0%         6-21      100%        5
 Irradiate                Conj/Tmut      0%         3d11      100%        5
 Iskenderun's Battlesphe  Conj           1%         2d6       100%        5


Dungeon Overview and Level Annotations

Branches:
Dungeon (4/15)             Temple (0/1) D:4

Altars:

Shops:
D:1 [

Annotations:
D:3 exclusions: 2 gnolls and 7 more exclusions
D:5 Prince Ribbit


Innate Abilities, Weirdness & Mutations

Your natural rate of healing is accelerated.
You have razor-sharp teeth.
You have supernaturally acute eyesight. (SInv)
You are afflicted with vampirism and can become a bat while bloodless.
[You are frail. (-10% HP)]


Message History

The adder is heavily wounded.
You feel sick. The adder closely misses you.
The adder bites you but does no damage.
You hit the adder. You bite the adder.
The adder is almost dead.
You feel sick. The adder bites you but does no damage.
You hit the adder.
You kill the adder!
You feel sick.
You feel sick.
You start resting.
You feel sick. x2
You are no longer poisoned.
You start resting.
HP restored.
You now have 94 gold pieces (gained 10).
Found a stone staircase leading down.
Found 7 stones.
A white imp comes into view.
Found 5 gold pieces.
Found a stone staircase leading up.
The white imp shouts!
Prince Ribbit comes into view.
Prince Ribbit gives a loud, deep croak!
The white imp puffs mist at you. The white imp gestures at you.
The puff of frost misses you.
You barely miss Prince Ribbit. Prince Ribbit hits you!
You block Prince Ribbit's attack.
You closely miss Prince Ribbit. Prince Ribbit completely misses you.
You closely miss Prince Ribbit. Prince Ribbit hits you!
You closely miss Prince Ribbit. Prince Ribbit hits you.
You block Prince Ribbit's attack.
You hit Prince Ribbit.
Prince Ribbit is lightly wounded.
Prince Ribbit hits you but does no damage.
You hit Prince Ribbit.
Prince Ribbit is lightly wounded.
Prince Ribbit hits you!
* * * LOW HITPOINT WARNING * * *
Prince Ribbit hits you!
You die...

#.##########
######### #.# #
.$......#
####.####### #
........#
#..........####
........#
#.#........#...
.<......#
#.#........#.##
........#
#.##########.##
........####.#.....
#.##
.......5F@....##.#.
#.##
.#.#######....##...##
#... #..#..#..#..#
####
#..###...###.######
.....#..#..#.....)..
..###....##...#######
...> .....##... #..
......#... #.
..#(....#.


You could see Prince Ribbit and a white imp.

Vanquished Creatures
  An ice beast (D:3)
  An iguana (D:3)
  8 adders
  An ufetubus (D:3)
  2 worms (D:2)
  6 orcs
  4 endoplasms
  3 giant cockroaches
  2 goblins
  8 hobgoblins
  3 jackals (D:2)
  6 quokkas
  7 ball pythons
  6 bats
  5 frilled lizards
  9 kobolds
  8 rats
80 creatures vanquished.

Notes
Turn   | Place    | Note
-------+----------+-------------------------------------------
     0 | D:1      | Midn8 the Vampire Warper began the quest for the Orb.
     0 | D:1      | Reached XP level 1. HP: 16/16 MP: 3/3
   204 | D:1      | Found Ughut's Armour Shoppe.
   298 | D:1      | Reached XP level 2. HP: 17/22 MP: 5/5
   537 | D:1      | Reached skill level 3 in Long Blades
   885 | D:2      | Gained mutation: You are afflicted with vampirism and can
                  | become a bat while bloodless. [Vampire growth]
   885 | D:2      | Reached XP level 3. HP: 18/27 MP: 6/6
  1033 | D:2      | Reached skill level 4 in Long Blades
  1119 | D:2      | Learned a level 2 spell: Blink
  1122 | D:2      | Learned a level 2 spell: Lesser Beckoning
  1313 | D:2      | Reached XP level 4. HP: 33/33 MP: 7/7
  1466 | D:3      | Noticed an ice beast
  1531 | D:1      | Bought a +1 pair of boots for 115 gold pieces
  1690 | D:3      | Killed an ice beast
  1691 | D:3      | Reached skill level 5 in Long Blades
  1691 | D:3      | Reached XP level 5. HP: 12/30 MP: 8/8
  2040 | D:3      | Got the Elucidation of Arcane Combat
  2347 | D:3      | Reached skill level 6 in Long Blades
  2427 | D:4      | Found a staircase to the Ecumenical Temple.
  2483 | D:4      | Reached XP level 6. HP: 40/41 MP: 9/9
  2490 | D:4      | You fall into a shaft and drop 1 floor!
  2490 | D:5      | Entered Level 5 of the Dungeon
  2587 | D:5      | Noticed Prince Ribbit
  2599 | D:5      | Slain by Prince Ribbit

Illustrated notes

Levels and vault maps discovered:
D:1:      wander_arrival_chamber, layout_rooms, serial_shops,
          nicolae_shop_hallway_stairs, dk_noncrumbling_4,
          chequers_serial_rivers_large_b, nicolae_concentric_dashed_squares_wild
D:2:      layout_basic, serial_glass, glass_columns_a, glass_columns_a,
          glass_columns_b, glass_columns_b, glass_columns_a, glass_columns_a,
          glass_columns_b, glass_columns_b, glass_columns_b, glass_columns_a,
          item_on_display_a, feat_on_display, minmay_split_cup_large
D:3:      layout_rooms
D:4:      layout_rooms, mainiacjoe_overflow_concentric_impassable,
          nicolae_overflows_in_rows, minmay_temple_entry_glass, serial_shops,
          nicolae_shop_behind_doors, dk_vineyard_2
D:5:      layout_basic, mainiacjoe_overflow_alcove_4,
          mainiacjoe_overflow_catwalk, nicolae_ea-nasir_strikes_again,
          minmay_strange_pillars, uniq_prince_ribbit1

Skill      XL: |  1  2  3  4  5 |
---------------+----------------+-----
Long Blades    | 3 4 5 6 |  6.0
Fighting       | 2 |  2.7
Throwing       | |  0.7
Armour         | |  0.7
Dodging        | |  2.1
Spellcasting   | |  2.0
Translocations | |  2.4

Action                     |  1- 3 |  4- 6 || total
---------------------------+-------+-------++-------
  Melee: Falchion          |   150 |   191 ||   341
         Bite              |    10 |    14 ||    24
         Punch             |     3 |     4 ||     7
Ability: Exsanguinate      |       |     1 ||     1
         Revivify          |       |     1 ||     1
    Use: Scroll            |       |     3 ||     3
 Armour: Leather armour    |    83 |    92 ||   175
  Dodge: Dodged            |    91 |    91 ||   182
  Block: Other             |     9 |    40 ||    49
         Reflection        |       |     1 ||     1

Table legend: (Time is in decaauts)
 A = Elapsed time spent in this place.
 B = Non-inter-level travel time spent in this place.
 C = Inter-level travel time spent in this place.
 D = Time resting spent in this place.
 E = Time spent auto-exploring this place.
 F = Levels seen in this place.
 G = Mean time per level.
                   A        B        C        D        E       F      G
               +--------+--------+--------+--------+--------+-----+--------+
         Total |   2660 |   2434 |    226 |    311 |   1199 |   5 |  532.0 |
       Dungeon |   2660 |   2434 |    226 |    311 |   1199 |   5 |  532.0 |
               +--------+--------+--------+--------+--------+-----+--------+

Top non-repeatable levels by time:
     D:2: 995 daAuts
     D:3: 789 daAuts
     D:1: 678 daAuts
     D:5: 108 daAuts
     D:4: 89 daAuts
